 Seeded DCSS version 0.29.1-12-g30fa7ad0bf (webtiles) character file.

Game seed: 20230118 (custom seed)

87 stormannn the Shooter (level 4, 0/36 HPs)
             Began as a Palentonga Hunter on Jan 18, 2023.
             Succumbed to a scorpion's poison
             ... on level 2 of the Dungeon.
             The game lasted 00:01:11 (1898 turns).

stormannn the Shooter (Palentonga Hunter)           Turns: 1898, Time: 00:01:12

Health: 0/36       AC:  4    Str: 16    XL:     4   Next: 28%
Magic:  4/4        EV: 10    Int:  9    God:
Gold:   102        SH:  0    Dex: 16    Spells: 3/3 levels left

rFire   . . .      SeeInvis +   a - +0 shortbow
rCold   . . .      Faith    .   (shield currently unavailable)
rNeg    . . .      Spirit   .   c - +0 leather armour
rPois   .          Reflect  .   (no helmet)
rElec   .          Harm     .   (no cloak)
rCorr   .          Rampage  .   (no gloves)
Will    .....                   (no barding)
Stlth   +.........              (no amulet)
HPRegen 0.12/turn               (no ring)
MPRegen 0.09/turn               (no ring)

@: lethally poisoned (0 -> -11)
A: large, rugged brown scales 3, see invisible, deformed body, roll 1, armoured
tail
a: Rolling Charge


You were on level 2 of the Dungeon.
You visited 1 branch of the dungeon, and saw 2 of its levels.

You collected 102 gold pieces.

Inventory:

Hand Weapons
 a - a +0 shortbow (weapon)
Armour
 c - a +0 leather armour (worn)
Jewellery
 n - a +4 ring of slaying
Scrolls
 b - 2 scrolls of immolation
 d - 4 scrolls of identify {unknown}
 j - a scroll of enchant armour {unknown}
 l - 2 scrolls of magic mapping {unknown}
 m - 3 scrolls of enchant weapon {unknown}
Potions
 e - 2 potions of curing {unknown}
 f - 2 potions of mutation {unknown}
 g - a potion of might {unknown}
 h - 2 potions of lignification {unknown}
 i - 2 potions of brilliance {unknown}
 k - a potion of flight {unknown}


   Skills:
 + Level 2.6 Fighting
 * Level 4.0 Ranged Weapons
 * Level 2.6 Dodging
 - Level 0.5 Stealth


You had 3 spell levels left.
You didn't know any spells.
Your spell library contained the following spells:

 Spells                   Type           Power      Damage    Failure   Level
 Sublimation of Blood     Necr           0%         N/A       58%         2
 Petrify                  Tmut/Erth      0%         N/A       99%         4
 Irradiate                Conj/Tmut      0%         3d11      100%        5


Dungeon Overview and Level Annotations

Branches:
Dungeon (2/15)

Altars:


Innate Abilities, Weirdness & Mutations

You are completely covered in rugged brown scales. (AC +3, +7% HP)
You have supernaturally acute eyesight. (SInv)
Armour fits poorly on your strangely shaped body.
You can roll at nearby foes to attack.
You have a long armoured tail.


Message History

The scorpion stings you but does no damage.
The scorpion stings you!
Unknown command.
You are too injured to fight recklessly!
A scorpion is nearby!
You are too injured to fight recklessly!
Unknown command.
You are too injured to fight recklessly!
A scorpion is nearby!
You are too injured to fight recklessly!
Unknown command.
Fire: a) +0 shortbow
Press: ? - help, Shift-Dir - straight line, f/p - scorpion
Aim: a scorpion (severely wounded, 63% to hit)
You shoot an arrow. The arrow closely misses the scorpion.
The scorpion stings you.
Fire: a) +0 shortbow
Press: ? - help, Shift-Dir - straight line, f/p - scorpion
Aim: a scorpion (severely wounded, 63% to hit)
You shoot an arrow. The arrow hits the scorpion.
The scorpion is almost dead.
The scorpion barely misses you. The scorpion stings you.
* * * LOW HITPOINT WARNING * * *
You are lethally poisoned!
The scorpion poisons you!
Fire: a) +0 shortbow
Press: ? - help, Shift-Dir - straight line, f/p - scorpion
Aim: a scorpion (almost dead, 63% to hit)
You shoot an arrow. The arrow closely misses the scorpion.
* * * LOW HITPOINT WARNING * * *
You feel very sick. The scorpion stings you.
* * * LOW HITPOINT WARNING * * *
The scorpion stings you but does no damage.
Fire: a) +0 shortbow
Press: ? - help, Shift-Dir - straight line, f/p - scorpion
Aim: a scorpion (almost dead, 63% to hit)
You shoot an arrow. The arrow hits the scorpion.
The scorpion is almost dead.
You die...

##### #..# #..###.###..#
#..# ###.###(.....## ##.#
##...# #.....##
#####.#######..###
#...^##
#..........##.######....#
#...........#...........#
#..............#####....#
#.............## ###.##
######....>@..# )..
##....s.## #.....##
#....... #.......#
#.......# ##.....##
##...##


You could see a scorpion.

Vanquished Creatures
  4 gnolls
  An adder (D:2)
  2 dart slugs (D:2)
  2 endoplasms
  2 giant cockroaches (D:2)
  7 hobgoblins
  2 jackals (D:1)
  2 kobolds
  A quokka (D:2)
  3 ball pythons
  3 bats (D:1)
  A frilled lizard (D:2)
  2 goblins (D:2)
  2 rats (D:1)
34 creatures vanquished.

Notes
Turn   | Place    | Note
-------+----------+-------------------------------------------
     0 | D:1      | stormannn the Palentonga Hunter began the quest for the
                  | Orb.
     0 | D:1      | Reached XP level 1. HP: 17/17 MP: 1/1
   233 | D:1      | Reached XP level 2. HP: 23/23 MP: 2/2
   313 | D:1      | Found a faded altar of an unknown god.
   750 | D:2      | Reached XP level 3. HP: 19/29 MP: 3/3
  1265 | D:2      | Reached XP level 4. HP: 5/36 MP: 4/4
  1804 | D:2      | Reached skill level 4 in Ranged Weapons
  1885 | D:2      | Noticed a scorpion
  1898 | D:2      | Succumbed to a scorpion's poison

Illustrated notes

Levels and vault maps discovered:
D:1:      saegor_arrival_fortress, layout_basic, basic_ecumenical_altar,
          chequers_serial_rivers_micro_e, st_stairs_14, minmay_domino_2
D:2:      layout_rooms

Skill      XL: |  1  2  3  4 |
---------------+-------------+-----
Dodging        | 2 |  2.6
Ranged Weapons | 4 |  4.0
Fighting       | |  2.6
Stealth        | |  0.5

Action                   |  1- 3 |  4- 6 || total
-------------------------+-------+-------++-------
 Fire: Shortbow          |    66 |    47 ||   113
Armor: Leather armour    |    12 |    11 ||    23
Dodge: Dodged            |    18 |    14 ||    32
